 Dungeon Crawl Stone Soup version 0.31-a0-263-ge8cad7f256 (webtiles) character file.

Game seed: 11932695047965683478

186 qw the Shooter (level 5, -2/31 HPs)
             Began as a Gargoyle Hexslinger on July 13, 2023.
             Slain by a gnoll
             ... wielding a +0 halberd
              (4 damage)
             ... on level 3 of the Dungeon.
             The game lasted 00:01:07 (2013 turns).

qw the Shooter (Gargoyle Hexslinger)                Turns: 2013, Time: 00:01:08

Health: -2/31      AC: 14    Str: 16    XL:     5   Next: 66%
Magic:  6/6        EV: 11    Int:  9    God:
Gold:   81         SH:  0    Dex: 14    Spells: 5/6 levels left

rFire   . . .        Y - +1 sling
rCold   . . .        (no shield)
rNeg    + + +        b - +0 ring mail
rPois   inf          d - +0 helmet
rElec   +            (no cloak)
rCorr   +            (no gloves)
SInv    .            (no boots)
Will    .....        (no amulet)
Stlth   +            (no ring)
HPRegen 0.25/turn    c - ring of Bodily Harmony {rN++ rCorr AC+4 Str+4 Int-4}
MPRegen 0.10/turn

%: no passive effects
@: no status effects
A: sickness immunity, AC +4, negative energy resistance 1, electricity
resistance, torment resistance 1, petrification resistance
a: no special abilities


You were on level 3 of the Dungeon.
You visited 1 branch of the dungeon, and saw 3 of its levels.

You collected 109 gold pieces.
You spent 28 gold pieces at shops.


Innate Abilities, Weirdness & Mutations

You are immune to sickness and miasma.
Your stone body is resilient. (AC +4)
You are immune to poison.
You resist negative energy. (rN+)
You are resistant to electric shocks. (rElec)
You are resistant to unholy torment.
You are immune to petrification.


   Skills:
 + Level 2.6 Fighting
 - Level 5.0 Ranged Weapons
 - Level 1.1 Armour
 - Level 1.5 Dodging
 - Level 1.0 Spellcasting
 - Level 2.6 Hexes


You had 5 spell levels left.
You knew the following spells:

 Your Spells              Type           Power      Damage    Failure   Level
a - Slow                  Hex            20%        N/A       24%         1

Your spell library contained the following spells:

 Spells                   Type           Power      Damage    Failure   Level
 Inner Flame              Hex/Fire       2%         N/A       77%         3
 Portal Projectile        Hex/Tloc       4%         N/A       77%         3
 Cause Fear               Hex            2%         N/A       93%         4

Inventory:

Hand Weapons
 Y - a +1 sling (weapon)
Armour
 a - a +0 pair of gloves
 b - a +0 ring mail (worn)
 d - a +0 helmet (worn)
Jewellery
 c - the ring of Bodily Harmony (right hand) {rN++ rCorr AC+4 Str+4 Int-4}
   (You acquired it on level 2 of the Dungeon)

   [ring of protection]

   AC:        It affects your AC (+4).
   Str:       It affects your strength (+4).
   Int:       It affects your intelligence (-4).
   rN:        It greatly protects you from negative energy.
   rCorr:     It protects you from acid and corrosion.
 g - an amulet of reflection
 k - a ring of positive energy
Scrolls
 e - a scroll of teleportation {unknown}
 h - a scroll of identify
Potions
 f - a potion of might
 j - a potion of curing
 l - a potion of mutation {unknown}
 m - a potion of haste

Dungeon Overview and Level Annotations

Branches:
Dungeon (3/15)

Altars:
Xom

Shops:
D:2 [?   D:3 (


Message History

The gnoll hits you but does no damage. The gnoll barely misses you.
The gnoll hits you but does no damage. x2
You shoot a sling bullet. The sling bullet hits the gnoll.
The gnoll is heavily wounded.
The gnoll hits you from afar with a +0 spear.
The gnoll closely misses you.
You shoot a sling bullet.
The sling bullet hits the gnoll but does no damage.
The gnoll is heavily wounded.
The gnoll hits you but does no damage. The gnoll barely misses you.
You shoot a sling bullet. The sling bullet hits the gnoll.
You kill the gnoll!
The gnoll hits you from afar with a +0 halberd!
You shoot a sling bullet.
The sling bullet barely misses the gnoll.
The gnoll misses you. x2
You shoot a sling bullet. The sling bullet hits the gnoll.
The gnoll is moderately wounded.
The gnoll hits you from afar with a +0 halberd!
You shoot a sling bullet.
The sling bullet hits the gnoll but does no damage.
The gnoll is moderately wounded.
The gnoll hits you but does no damage.
You shoot a sling bullet.
The sling bullet hits the gnoll but does no damage.
The gnoll is moderately wounded.
The gnoll barely misses you.
You shoot a sling bullet.
The sling bullet closely misses the gnoll.
The gnoll closely misses you.
The gnoll hits you from afar with a +0 halberd.
You shoot a sling bullet.
The sling bullet hits the gnoll but does no damage.
The gnoll is moderately wounded.
The gnoll hits you from afar with a +0 halberd!
You shoot a sling bullet.
The sling bullet hits the gnoll but does no damage.
The gnoll is moderately wounded.
The gnoll hits you from afar with a +0 halberd.
You die...

############ #..........#
#.########.### #)# #\.(# #.#
######.## ...#######.##
#.......# .....g)@....#
#.####..# .....)%###.)#
#.####..# (.####.# #..#
##.#.....) ... #>#
#..###......).. #.#.# #.#
#.....(.....#.# #.#.# #.#
#...##...#.##.# #.#.# #.#
###.###.##.##.# #.#.# #.#
#.###.##.##.#
#.#.######.#####%......#...#


You could see a gnoll.

Vanquished Creatures
  Natasha (twice) (D:2)
  2 gnolls (D:3)
  5 adders
  3 worms (D:2)
  4 orcs (D:3)
  5 bats
  5 endoplasms
  2 giant cockroaches
  6 goblins
  5 hobgoblins
  2 jackals (D:1)
  A quokka (D:2)
  6 ball pythons
  2 frilled lizards (D:2)
  5 kobolds
  4 rats
59 creatures vanquished.

Notes
Turn   | Place    | Note
-------+----------+-------------------------------------------
     0 | D:1      | qw the Gargoyle Hexslinger began the quest for the Orb.
     0 | D:1      | Reached XP level 1. HP: 12/12 MP: 2/2
     0 | D:1      | 0 ||| qw: Version: 0.3-a-52-g30416fa
     0 | D:1      | 0 ||| qw: Game counter: 7466
     0 | D:1      | 0 ||| qw: Melee chars always use a shield: true
     0 | D:1      | 0 ||| qw: God list: Okawaru
     0 | D:1      | 0 ||| qw: Allow faded altars: false
     0 | D:1      | 0 ||| qw: Do Orc after clearing Dungeon:15 true
     0 | D:1      | 0 ||| qw: Do second Lair branch before Depths: true
     0 | D:1      | 0 ||| qw: Lair rune preference: random
     0 | D:1      | 0 ||| qw: Goals: Normal
     0 | D:1      | 0 ||| PLANNING D:1-11
   124 | D:1      | Reached XP level 2. HP: 13/16 MP: 3/3
   215 | D:1      | HP: 4/16 [rat (1)]
   220 | D:1      | HP: 2/16 [bat (1)]
   225 | D:1      | Reached skill level 3 in Ranged Weapons
   378 | D:1      | Reached XP level 3. HP: 21/21 MP: 4/4
   658 | D:1      | 658 ||| UPGRADING to +0 helmet.
   663 | D:1      | 663 ||| UPGRADING to ring of positive energy.
   664 | D:1      | 664 ||| READING 2 scrolls labelled XUDAON AVUE.
   665 | D:1      | 665 ||| READING scroll labelled XILLECZ DUETZ.
   666 | D:1      | 666 ||| READING scroll labelled MAGGOS URI WON.
   667 | D:1      | 667 ||| DRINKING 2 sedimented sapphire potions.
   668 | D:1      | 668 ||| DRINKING 2 green potions.
   669 | D:1      | 669 ||| DROPPING scroll of revelation.
   670 | D:1      | 670 ||| DROPPING scroll of poison.
   671 | D:1      | 671 ||| DROPPING potion of attraction.
   849 | D:2      | Reached XP level 4. HP: 16/26 MP: 5/5
   931 | D:2      | Reached skill level 4 in Ranged Weapons
  1034 | D:2      | HP: 3/26 [worm (6)]
  1035 | D:2      | HP: 1/26 [worm (3)]
  1329 | D:2      | Noticed Natasha
  1340 | D:2      | Killed Natasha
  1449 | D:2      | Noticed Natasha
  1454 | D:2      | Killed Natasha
  1455 | D:2      | Reached XP level 5. HP: 24/30 MP: 6/6
  1474 | D:2      | Found Plog's Antique Armour Emporium.
  1478 | D:2      | 1478 ||| SHOPLISTING dyed leather armour (115 gold, have
                  | 66).
  1478 | D:2      | 1478 ||| SHOPLISTING glowing robe (85 gold, have 66).
  1529 | D:2      | Reached skill level 5 in Ranged Weapons
  1588 | D:2      | Found Yvirch's Magic Scroll Boutique.
  1591 | D:2      | 1591 ||| SHOPLISTING scroll of acquirement (728 gold, have
                  | 66).
  1591 | D:2      | 1591 ||| SHOPLISTING scroll of enchant weapon (105 gold,
                  | have 66).
  1591 | D:2      | 1591 ||| BUYING scroll of identify (28 gold).
  1591 | D:2      | Bought a scroll of identify for 28 gold pieces
  1591 | D:2      | 1591 ||| SHOPLISTING scroll of teleportation (42 gold, have
                  | 38).
  1591 | D:2      | 1591 ||| UPGRADING to +0 ring mail.
  1601 | D:2      | 1601 ||| DROPPING +0 robe.
  1602 | D:2      | 1602 ||| READING 2 scrolls labelled ARUSAEN ALLUPLORA.
  1603 | D:2      | 1603 ||| READING scroll labelled DAG UFROFIFYSM.
  1603 | D:2      | Identified a scroll of acquirement
  1603 | D:2      | 1603 ||| ACQUIRING ring of Bodily Harmony {rN++ rCorr AC+4
                  | Str+4 Int-4}
  1603 | D:2      | Acquired the ring of Bodily Harmony {rN++ rCorr AC+4 Str+4
                  | Int-4}
  1605 | D:2      | 1605 ||| UPGRADING to ring of Bodily Harmony {rN++ rCorr
                  | AC+4 Str+4 Int-4}.
  1606 | D:2      | 1606 ||| REMOVING ring of positive energy.
  1607 | D:2      | 1607 ||| DRINKING 2 fuming cyan potions.
  1712 | D:2      | 1712 ||| DRINKING 2 fuming golden potions.
  1713 | D:2      | 1713 ||| DRINKING 2 bubbling brown potions.
  1714 | D:2      | 1714 ||| READING 3 scrolls of identify.
  1714 | D:2      | 1714 ||| IDENTIFYING sapphire potion
  1715 | D:2      | 1715 ||| READING 2 scrolls of identify.
  1715 | D:2      | 1715 ||| IDENTIFYING sedimented emerald potion
  1716 | D:2      | 1716 ||| DROPPING scroll of noise.
  1717 | D:2      | 1717 ||| DROPPING potion of berserk rage.
  1718 | D:2      | 1718 ||| DROPPING potion of lignification.
  1719 | D:2      | 1719 ||| DROPPING potion of brilliance.
  1736 | D:3      | Found a shimmering altar of Xom.
  1736 | D:3      | Found a shimmering altar of Xom.
  1890 | D:3      | Reached skill level 1 in Armour
  1972 | D:3      | Found Erchuli's Weapon Shop.
  1975 | D:3      | 1975 ||| SHOPLISTING +1 sling of freezing (126 gold, have
                  | 81).
  1975 | D:3      | 1975 ||| SHOPLISTING +7 shortbow (520 gold, have 81).
  2012 | D:3      | HP: 2/31 [gnoll/+0 halberd (7)]
  2013 | D:3      | Slain by a gnoll

Levels and vault maps discovered:
D:1:      evilmike_arrival_fibonacci_small, layout_loops_ring,
          hangedman_decor_opposing, minmay_three_crescents
D:2:      layout_basic, serial_shops, shop, nicolae_shop_rolled_up,
          serial_park_tiny_1, uniq_natasha
D:3:      layout_loops_ring, chequers_temple_overflow_statue_of_worship,
          xom_redecorated, serial_shops, shop, kennysheep_nondescript

Skill      XL: |  1  2  3  4  5 |
---------------+----------------+-----
Ranged Weapons | 3 4 5 |  5.0
Fighting       | 2 |  2.6
Armour         | 1 |  1.1
Dodging        | |  1.5
Spellcasting   | |  1.0
Hexes          | |  2.6

Action                     |  1- 3 |  4- 6 || total
---------------------------+-------+-------++-------
   Fire: Sling             |   126 |   157 ||   283
    Use: Scroll            |     3 |     4 ||     7
         Potion            |     2 |     3 ||     5
 Armour: Robe              |    42 |    11 ||    53
         Ring mail         |       |    24 ||    24
  Dodge: Dodged            |    84 |    39 ||   123

Table legend:
 A = Non-vault XP
 B = Vault XP
 C = Vault XP percentage of total XP
 D = Non-vault monster count
 E = Vault monster count
 F = Vault count percentage of total count
                 A         B        C        D         E       F
            +---------+---------+-------+---------+---------+-------
      Total |     224 |      43 |  16.1 |      52 |       7 |  11.9
            +---------+---------+-------+---------+---------+-------
        D:1 |      32 |       8 |  20.0 |      18 |       6 |  25.0
        D:2 |     123 |      35 |  22.2 |      19 |       1 |   5.0
        D:3 |      69 |       0 |   0.0 |      15 |       0 |   0.0
            +---------+---------+-------+---------+---------+-------
